 Dungeon Crawl Stone Soup version 0.14-a0-1527-g89529d6 (webtiles) character file.

16914 PolkaDot the Cloud Mage (level 12, -24/75 HPs)
             Began as a Vampire Conjurer on Dec 17, 2013.
             Was a High Priest of Vehumet.
             Annihilated by a death yak (26 damage)
             ... on Level 5 of the Lair of Beasts on Dec 18, 2013.
             The game lasted 01:45:55 (15837 turns).

PolkaDot the Cloud Mage (Vampire Conjurer)         Turns: 15837, Time: 01:45:55

HP -24/75        AC  8     Str  9      XL: 12   Next:  7%
MP   6/27        EV 10     Int 21      God: Vehumet [*****.]
Gold 735         SH  7     Dex 14      Spells:  5 memorised, 14 levels left

rFire  . . .     SeeInvis +     y - +4,+2 cutlass
rCold  . . .     Clarity  .     g - +1 elf leather armour
rNeg   + . .     Conserve .     z - +0 dwarf buckler
rPois  .         rCorr    .     (no helmet)
rElec  .         rRot     .     s - +0 cloak
SustAb . .       Spirit   .     m - +2 pair of gloves
rMut   .         Warding  .     (no boots)
Saprov . . .     Stasis   .     (no amulet)
                                w - ring of regeneration
                                i - ring of sustenance {unknown}

@: somewhat resistant to hostile enchantments, stealthy
A: bottle blood, fangs 3, see invisible, strong 1, unbreathing
a: Bat Form, Bottle Blood, Renounce Religion


You were on level 5 of the Lair of Beasts.
You worshipped Vehumet.
Vehumet was extremely pleased with you.
You were not thirsty.

You visited 3 branches of the dungeon, and saw 17 of its levels.

You collected 972 gold pieces.
You spent 237 gold pieces at shops.

Inventory:

Hand weapons
 v - a +1,+3 dagger of protection
 y - a +4,+2 cutlass (weapon)
Armour
 g - a +1 elven leather armour (worn)
 m - a +2 pair of gloves (worn)
 s - a +0 cloak (worn)
 z - a +0 dwarven buckler (worn)
Magical devices
 a - a wand of disintegration (13)
 j - a wand of invisibility (4)
Scrolls
 b - a scroll of blinking
 d - 4 scrolls of remove curse
 k - 4 scrolls of recharging
 l - a scroll of amnesia
 o - a scroll of magic mapping
 x - 3 scrolls of enchant armour
 B - a scroll of immolation
Jewellery
 h - an uncursed ring of fire
 i - a ring of sustenance (left hand) {unknown}
 q - an uncursed ring of sustain abilities
 r - an uncursed amulet of rage
 t - an uncursed ring of protection from cold
 w - a ring of regeneration (right hand)
 A - a +3 ring of dexterity
Potions
 f - a potion of curing
 n - a potion of heal wounds
 u - a potion of flight
 C - 2 potions of restore abilities
Books
 c - a book of Conjurations

   Spells                             Type                      Level
   Magic Dart                         Conjuration                  1
   *Searing Ray                       Conjuration                  2
   Dazzling Spray                     Conjuration/Hexes            3
   Iskenderun's Mystic Blast          Conjuration                  4
   Iskenderun's Battlesphere          Conjuration/Charms           4
   Fulminant Prism                    Conjuration/Hexes            5
 e - a book of Necromancy

   Spells                             Type                      Level
   Pain                               Necromancy                   1
   Animate Skeleton                   Necromancy                   1
   Lethal Infusion                    Charms/Necromancy            2
   Vampiric Draining                  Necromancy                   3
   Regeneration                       Charms/Necromancy            3
   Animate Dead                       Necromancy                   4
   Control Undead                     Necromancy                   4


   Skills:
 + Level 0.3 Fighting
 - Level 2.7 Dodging
 - Level 3.0 Stealth
 - Level 7.0 Spellcasting
 - Level 10.0 Conjurations
 - Level 6.8 Ice Magic
 * Level 11.1 Air Magic
 - Level 3.5 Poison Magic


You had 14 spell levels left.
You knew the following spells:

 Your Spells              Type           Power        Failure   Level  Hunger
a - Freeze                Ice            ####         1%          1    None
s - Searing Ray           Conj           #####.       1%          2    None
u - Sting                 Conj/Pois      ####         1%          1    None
z - Static Discharge      Conj/Air       ######..     1%          3    #......
A - Airstrike             Air            ######....   1%          4    ###....


Dungeon Overview and Level Annotations

Branches:
Dungeon (11/16)            Temple (1/1) D:4             Orc (0/4) D:11
   Lair (5/8) D:11          Swamp (0/5) Lair:5
 Shoals: Lair:3-6     Snake: Lair:3-6    Spider: Lair:3-6

Altars:
Ashenzari
Cheibriados
Elyvilon
Fedhas
Makhleb
Nemelex Xobeh
Okawaru
Sif Muna
Trog
Vehumet
Xom
Yredelemnul
Zin
the Shining One
Beogh

Shops:
D:7 (?*


Innate Abilities, Weirdness & Mutations

You can bottle blood from corpses.
You have razor-sharp teeth.*
You have supernaturally acute eyesight.
You can survive without breathing.*
Your muscles are strong. (Str +2)


Message History

The lightning grounds out.
The death yak closely misses you.
Casting: Static Discharge
Confirm with . or Enter, or press ? or * to list all spells.
The death yak is struck by lightning.
The death yak is severely wounded.
The lightning arcs!
You are struck by lightning.
The lightning arcs!
The death yak is struck by lightning.
The death yak is almost dead.
The lightning arcs!
You are struck by lightning.
The lightning grounds out.
The death yak gores you!
Casting: Static Discharge
Confirm with . or Enter, or press ? or * to list all spells.
The death yak is struck by lightning.
The death yak is almost dead.
The lightning arcs!
You are struck by lightning.
The lightning grounds out.
* * * LOW MAGIC WARNING * * *
The death yak gores you!
* * * LOW HITPOINT WARNING * * *
The death yak gores you!
You die...

......§.....................#.
...........P..............#....
................................
..................#.......#.....
............................f...
...........................f##.
.......................#...##
..................#.#.#.#...#
...............Y@.......#.###
........%%.................P#
..#..f...≈..................##
..#..#...≈...................#
..........>...............####
.......≈.≈.≈...............#
.........%................##
............%.....#.....f##
..................f......###.##..


You could see a death yak.

Vanquished Creatures
  A hydra (Lair:2)
  Nergalle (D:9)
  Erolcha (D:11)
  2 black mambas
  A spiny frog (Lair:5)
  A fire drake (Lair:3)
  4 komodo dragons
  A spectral orc (D:9)
  A trapdoor spider (Lair:3)
  3 basilisks
  16 yaks
  2 hippogriffs
  4 wolves (Lair:3)
  2 dwarves (Lair:2)
  8 porcupines
  4 ogres
  10 orc warriors
  A black bear (D:7)
  5 nagas (Lair:4)
  A sky beast (D:9)
  2 tengu (D:9)
  4 centaurs
  A phantom (D:9)
  3 water moccasins
  6 giant frogs
  3 big kobolds
  6 giant slugs
  3 crocodiles
  Blork the orc (D:5)
  2 gnoll sergeants
  A komodo dragon skeleton (D:9)
  4 agate snails
  A hippogriff zombie (D:9)
  A troll skeleton (D:7)
  2 goliath beetles
  A quasit (D:9)
  5 crimson imps
  11 killer bees
  4 jellies
  A big fish (D:3)
  A giant frog skeleton (D:5)
  2 hounds
  A gnoll shaman (D:5)
  7 orc priests
  6 iguanas
  3 scorpions
  12 orc wizards
  11 worker ants
  7 sheep (Lair:2)
  An ogre skeleton (D:5)
  A mummy (D:9)
  A hound zombie (D:9)
  11 green rats
  11 gnolls
  A human (D:5)
  15 adders
  A giant centipede (Lair:2)
  An inept item mimic (D:6)
  A goliath beetle zombie (D:5)
  5 worms
  An iguana zombie (D:6)
  2 giant eyeballs
  12 giant geckos
  An ooze (D:3)
  65 orcs
  25 bats
  A bat zombie (D:6)
  4 giant cockroaches
  18 hobgoblins
  18 jackals
  2 quokkas
  5 giant newts
  2 giant spores
  16 goblins
  A goblin skeleton (D:4)
  A goblin zombie (D:5)
  29 kobolds
  A kobold skeleton (D:5)
  18 rats
  A ballistomycete (D:11)
453 creatures vanquished.

Vanquished Creatures (others)
  An orc (D:3)
  A kobold (D:11)
2 creatures vanquished.

Grand Total: 455 creatures vanquished

Notes
Turn   | Place    | Note
--------------------------------------------------------------
     0 | D:1      | PolkaDot, the Vampire Conjurer, began the quest for the Orb.
     0 | D:1      | Reached XP level 1. HP: 13/13 MP: 3/3
   395 | D:1      | Reached XP level 2. HP: 17/19 MP: 4/4
  1071 | D:2      | Reached XP level 3. HP: 13/24 MP: 6/6
  1218 | D:2      | Learned a level 2 spell: Searing Ray
  1402 | D:2      | Reached XP level 4. HP: 27/30 MP: 8/8
  1454 | D:2      | Reached skill level 4 in Conjurations
  2258 | D:3      | Reached XP level 5. HP: 29/35 MP: 7/11
  2348 | D:3      | Found a white marble altar of Elyvilon.
  2763 | D:4      | Found a staircase to the Ecumenical Temple.
  2782 | Temple   | Entered the Ecumenical Temple
  2936 | Temple   | Became a worshipper of Vehumet
  2997 | D:4      | Reached skill level 5 in Conjurations
  2997 | D:4      | Reached XP level 6. HP: 36/41 MP: 4/13
  3086 | D:4      | Got a distressingly furry ring mail
  3114 | D:4      | Identified the +1 ring mail of the Unseen Realm {Int+1} (You found it on level 4 of the Dungeon)
  3611 | D:5      | Entered Level 5 of the Dungeon
  3663 | D:4      | Reached XP level 7. HP: 33/46 MP: 2/17
  4249 | D:5      | Found a basalt altar of Yredelemnul.
  4250 | D:5      | Acquired Vehumet's first power
  4250 | D:5      | Offered knowledge of Freeze by Vehumet.
  4253 | D:5      | Learned a level 1 spell: Freeze
  4425 | D:5      | Reached skill level 6 in Conjurations
  4440 | D:5      | Noticed Blork the orc
  4529 | D:5      | Killed Blork the orc
  4529 | D:5      | Reached skill level 1 in Ice Magic
  5437 | D:6      | Offered knowledge of Sting by Vehumet.
  5438 | D:6      | Reached XP level 8. HP: 52/52 MP: 15/19
  5503 | D:6      | Learned a level 1 spell: Sting
  5597 | D:7      | Found a glowing golden altar of the Shining One.
  5715 | D:7      | Reached skill level 1 in Poison Magic
  5723 | D:7      | Found Twubium's Magic Scroll Shoppe.
  5734 | D:7      | Bought a scroll of blinking for 66 gold pieces
  5734 | D:7      | Bought a scroll of identify for 24 gold pieces
  5748 | D:7      | Reached skill level 7 in Conjurations
  6001 | D:7      | Found Weegoef's Weapon Shoppe.
  6107 | D:7      | Paralysed by a giant eyeball for 4 turns
  6116 | D:7      | Found Hifriyno's Assorted Antiques.
  6123 | D:7      | Bought a scroll labeled YRPHONGU CUEQUS for 30 gold pieces
  6123 | D:7      | Bought a scroll labeled GHEID LAMO for 30 gold pieces
  6123 | D:7      | Bought a scroll labeled FRISME RIANA for 30 gold pieces
  6123 | D:7      | Bought a scroll labeled YRPHONGU CUEQUS for 30 gold pieces
  6123 | D:7      | Bought an oily inky potion for 27 gold pieces
  6384 | D:7      | Offered knowledge of Throw Frost by Vehumet.
  6666 | D:8      | Gained mutation: Your muscles are strong. (Str +2) [potion of beneficial mutation]
  6703 | D:8      | Acquired Vehumet's second power
  6891 | D:8      | Reached XP level 9. HP: 18/57 MP: 8/20
  7118 | D:8      | Found a deep blue altar of Sif Muna.
  7285 | D:8      | Reached skill level 8 in Conjurations
  7485 | D:9      | Offered knowledge of Static Discharge by Vehumet.
  7674 | D:9      | Learned a level 3 spell: Static Discharge
  7730 | D:9      | Found a burning altar of Makhleb.
  7740 | D:9      | Reached skill level 1 in Air Magic
  7921 | D:9      | Reached skill level 5 in Spellcasting
  7996 | D:9      | Paralysed by a giant eyeball for 4 turns
  8006 | D:9      | Paralysed by a giant eyeball for 3 turns
  8475 | D:9      | Reached XP level 10. HP: 39/63 MP: 16/23
  8659 | D:10     | Entered Level 10 of the Dungeon
  8714 | D:9      | Acquired Vehumet's third power
  8749 | D:9      | Reached skill level 5 in Air Magic
  8851 | D:10     | Offered knowledge of Airstrike by Vehumet.
  8865 | D:10     | Learned a level 4 spell: Airstrike
  8877 | D:10     | Noticed Nergalle
  8901 | D:9      | Killed Nergalle
  9158 | D:10     | Found a roughly hewn altar of Beogh.
  9253 | D:10     | Offered knowledge of Bolt of Fire by Vehumet.
  9520 | D:10     | Reached skill level 9 in Conjurations
  9959 | D:11     | Noticed Erolcha
 10141 | D:11     | Killed Erolcha
 10164 | D:11     | Found a staircase to the Lair.
 10183 | D:11     | Found a staircase to the Orcish Mines.
 10693 | D:11     | Reached XP level 11. HP: 68/68 MP: 23/26
 11049 | Lair:1   | Entered Level 1 of the Lair of Beasts
 11610 | Lair:1   | Offered knowledge of Fireball by Vehumet.
 11855 | Lair:1   | Reached skill level 5 in Ice Magic
 12104 | Lair:2   | Found an iron altar of Okawaru.
 12446 | Lair:2   | Noticed a five-headed hydra
 12463 | Lair:2   | Killed a five-headed hydra
 13185 | Lair:3   | Reached skill level 10 in Air Magic
 13290 | Lair:3   | Reached skill level 10 in Conjurations
 14315 | Lair:4   | Noticed a naga warrior
 14331 | Lair:4   | Offered knowledge of Poison Arrow by Vehumet.
 14608 | Lair:4   | Found a staircase to the Snake Pit.
 14740 | Lair:3   | Reached XP level 12. HP: 44/74 MP: 16/27
 15210 | Lair:4   | HP: 2/74 [naga warrior/whip (3)]
 15293 | Lair:4   | Noticed a four-headed hydra
 15295 | Lair:4   | the staircase to the Snake Pit was a mimic.
 15523 | Lair:5   | Reached skill level 11 in Air Magic
 15728 | Lair:5   | Found a staircase to the Swamp.
 15836 | Lair:5   | HP: 2/75 [death yak (22)]
 15837 | Lair:5   | Annihilated by a death yak

Action                   |  1- 3 |  4- 6 |  7- 9 | 10-12 || total
-------------------------+-------+-------+-------+-------++-------
Melee: Dagger            |   121 |   155 |   232 |   239 ||   747
       Unarmed           |     7 |       |       |     8 ||    15
 Cast: Magic Dart        |    21 |       |     2 |       ||    23
       Searing Ray       |       |    24 |   101 |    45 ||   170
       Sting             |       |       |     2 |     2 ||     4
       Static Discharge  |       |       |       |   106 ||   106
       Airstrike         |       |       |       |    86 ||    86
       Freeze            |       |       |       |   167 ||   167
 Abil: Bottle Blood      |       |       |     1 |     3 ||     4
Evoke: Wand              |       |     1 |     2 |     6 ||     9
  Use: Potion            |     1 |       |     4 |    28 ||    33
       Scroll            |     2 |     2 |    21 |    24 ||    49
 Stab: Sleeping          |     3 |    10 |     6 |     8 ||    27
       Distracted        |       |     1 |       |     1 ||     2
       Confused          |       |       |       |     1 ||     1
